Ducks vs Predators

Created - February 10, 2024 at 11:07

Goals
1 2 3 T
Ducks 2 1 1 4
Predators 2 1 0 3
Shots
1 2 3 T
Ducks 7 5 11 23
Predators 9 7 17 33

GoalsPenalties
1st period
1. Predators , Tage Thompson 15 (Kyle Connor 21, Darnell Nurse 30) at 1:19
2. Ducks , Adam Fox 8 (Patrick Kane 17, Rasmus Dahlin 32) at 4:35 (PP)
3. Ducks , Claude Giroux 13 (Phillip Danault 27, Tyson Barrie 17) at 8:27
4. Predators , J.T. Compher 4 (Bo Horvat 25) at 11:23
Brandon Carlo (NSH) for Holding (Minor) at 3:41
Lucas Raymond (NSH) for Hooking (Minor) at 16:26
2nd period
5. Predators , Lucas Raymond 14 (Thomas Chabot 31, J.T. Miller 29) at 4:10
6. Ducks , Patrick Kane 15 (Zach Hyman 19, Moritz Seider 25) at 12:39
Nikita Zadorov (NSH) for Tripping (Minor) at 1:35
Claude Giroux (ANA) for Hooking (Minor) at 8:38
Kyle Connor (NSH) for High sticking (Minor) at 19:24
Ryan McDonagh (ANA) for High sticking (Double Minor) at 19:24
3rd period
7. Ducks , Mats Zuccarello 12 (Ryan McDonagh 14, Nikolaj Ehlers 6) at 11:02
Tage Thompson (NSH) for Hooking (Minor) at 6:21
Rasmus Dahlin (ANA) for Hooking (Minor) at 6:29
Jake McCabe (NSH) for Hooking (Minor) at 8:46
Mathieu Olivier (ANA) for Tripping (Minor) at 14:39
Goalie Stats
Frederik Andersen (ANA), 30 saves from 33 shots - (0.909), W, 28-20-3, 60:00 minutes
Ilya Sorokin (NSH), 19 saves from 23 shots - (0.826), L, 32-9-3, 59:01 minutes
3 StarsOfficial
1 - Patrick Kane (ANA)
2 - Moritz Seider (ANA)
3 - Mats Zuccarello (ANA)
Referees : Adam Bloski and Brett Roeland
Linesman : Derek Amell and Steven Walsh
Game Note
Pierre-Luc Dubois is injured at 8:05 of 2nd period (Sprained Left Ankle)
Finance
Level 1 -- Attendance: 6194 (95.29%) -- Ticket Income $681,340
Level 2 -- Attendance: 4974 (99.48%) -- Ticket Income $447,660
Level 3 -- Attendance: 2385 (68.14%) -- Ticket Income $178,875
Level 4 -- Attendance: 1113 (100.00%) -- Ticket Income $77,910
Luxury Box -- Attendance: 866 (86.60%) -- Ticket Income $194,850
Game was played at the Bridgestone Arena.
Total Attendance: 15532 (90.76%)
Total Ticket Income: $1,580,635
Other Income: $395,159
Total Income: $1,975,794



Team Name Goals Shots Shots Attemp Shots Blocked PIM HIT PP PK FO%
Ducks 423391410171 / 5 (20%)043%
Predators 33373412160 / 4 (0%)157%

Ducks
Player Name POS G A P +/- PIM HIT SHT SB MP PP MP PP SHT PK MP PK SHT FO% FOT
Adam FoxD101-1002225:434:1113:0400% 0
Adrian KempeRW0000015025:384:0013:06056% 16
Brayden McNabbD0000010212:050:0000:0800% 0
Claude GirouxRW1010202018:312:5910:000100% 1
Jack JohnsonD000000000:000:0000:0000% 0
Joe PavelskiC000-1012017:534:0001:19061% 18
Mathieu OlivierRW000-1210012:330:0000:0000% 0
Mats ZuccarelloRW101100105:560:0000:0000% 1
Moritz SeiderD0111042422:202:4823:0200% 0
Nikolaj EhlersLW011100104:050:0000:5900% 0
Patrick KaneRW1120004122:234:0013:26050% 6
Phillip DanaultC0110000120:582:5901:41031% 26
Pierre-Luc DuboisLW000-104016:340:0000:0000% 0
Rasmus DahlinD011-1221224:434:1012:5600% 0
Ryan McDonaghD0110411012:470:0000:0000% 0
Travis BoydC0000010011:520:0000:00025% 12
Tyson BarrieD0111001122:202:4803:0200% 0
Zach HymanLW0111011023:392:5911:4100% 2
Predators
Player Name POS G A P +/- PIM HIT SHT SB MP PP MP PP SHT PK MP PK SHT FO% FOT
Alex TuchRW000-1002020:512:5210:0000% 2
Bo HorvatC0110015015:263:1410:00062% 21
Brandon CarloD0000240022:082:4903:2100% 0
Cal ClutterbuckRW000000106:440:0001:520100% 1
Colton SissonsC000000009:560:0005:04065% 17
Darnell NurseD0111012125:582:4914:0600% 0
Gabriel VilardiRW0001013012:470:0000:0000% 0
J.T. CompherLW1010005117:510:0004:44033% 6
J.T. MillerC011-1021017:062:5210:00052% 21
Jake McCabeD000-1231114:270:0002:3500% 0
Kyle ConnorLW0111203017:593:1420:2300% 0
Lucas RaymondLW101-1201017:463:1400:00050% 2
Nikita ZadorovD000-1200116:430:0002:5300% 0
Roman JosiD0000013018:193:1710:5500% 0
Tage ThompsonC1011223012:460:0000:00073% 11
Taylor HallLW0000011013:092:5200:0000% 0
Thomas ChabotD0111001022:223:1700:0800% 0
Yakov TreninC000000106:470:0001:5500% 1



Play-by-Play

1st period


0:01 of 1st period - J.T. Miller wins face-off versus Adrian Kempe in neutral zone.
0:21 of 1st period - Shot by J.T. Miller.
0:21 of 1st period - Shot Hit the Post.
0:23 of 1st period - Shot by J.T. Miller.
0:23 of 1st period - Shot Misses the Net.
0:36 of 1st period - Adam Fox is hit by Brandon Carlo and loses puck.
1:19 of 1st period - Shot by Tage Thompson.
1:19 of 1st period - Goal by Tage Thompson - Ducks : 0 - Predators : 1.
1:20 of 1st period - Claude Giroux wins face-off versus Bo Horvat in neutral zone.
1:50 of 1st period - Bo Horvat is hit by Moritz Seider and loses puck.
2:27 of 1st period - Shot by Tage Thompson.
2:27 of 1st period - Deflect By Gabriel Vilardi.
2:27 of 1st period - Stopped by Frederik Andersen with a rebound.
3:07 of 1st period - Colton Sissons is hit by Pierre-Luc Dubois and loses puck.
3:16 of 1st period - Shot by Cal Clutterbuck.
3:16 of 1st period - Deflect By Yakov Trenin.
3:16 of 1st period - Shot Misses the Net.
3:18 of 1st period - Shot by Roman Josi.
3:18 of 1st period - Stopped by Frederik Andersen without a rebound.
3:19 of 1st period - Adrian Kempe wins face-off versus J.T. Miller in Ducks zone.
3:19 of 1st period - Adrian Kempe is hit by J.T. Miller.
3:37 of 1st period - Shot by Adrian Kempe.
3:37 of 1st period - Shot Misses the Net.
3:40 of 1st period - Icing by Roman Josi.
3:41 of 1st period - Joe Pavelski wins face-off versus J.T. Miller in Predators zone.
3:41 of 1st period - Minor Penalty to Brandon Carlo for Holding.
3:42 of 1st period - Patrick Kane wins face-off versus Colton Sissons in Predators zone.
3:59 of 1st period - Shot by Adrian Kempe.
3:59 of 1st period - Stopped by Ilya Sorokin without a rebound.
4:00 of 1st period - Colton Sissons wins face-off versus Phillip Danault in Predators zone.
4:11 of 1st period - Shot by Zach Hyman.
4:11 of 1st period - Stopped by Ilya Sorokin with a rebound.
4:13 of 1st period - Shot by Moritz Seider.
4:13 of 1st period - Stopped by Ilya Sorokin without a rebound.
4:14 of 1st period - Colton Sissons wins face-off versus Joe Pavelski in Predators zone.
4:31 of 1st period - Shot by Adam Fox.
4:31 of 1st period - Shot Misses the Net.
4:33 of 1st period - Shot by Patrick Kane.
4:33 of 1st period - Shot Misses the Net.
4:35 of 1st period - Shot by Adam Fox.
4:35 of 1st period - Goal by Adam Fox - Ducks : 1 - Predators : 1.
4:36 of 1st period - J.T. Miller wins face-off versus Phillip Danault in neutral zone.
5:48 of 1st period - Shot by Bo Horvat.
5:48 of 1st period - Shot Misses the Net.
5:56 of 1st period - Thomas Chabot is hit by Mathieu Olivier and loses puck.
6:05 of 1st period - Shot by Joe Pavelski.
6:05 of 1st period - Shot Misses the Net.
6:16 of 1st period - Icing by Thomas Chabot.
6:17 of 1st period - Bo Horvat wins face-off versus Travis Boyd in Predators zone.
6:34 of 1st period - Shot by Patrick Kane.
6:34 of 1st period - Shot Misses the Net.
7:02 of 1st period - Shot by Patrick Kane.
7:02 of 1st period - Shot Blocked by J.T. Compher.
8:25 of 1st period - Shot by Phillip Danault.
8:25 of 1st period - Shot Misses the Net.
8:27 of 1st period - Shot by Claude Giroux.
8:27 of 1st period - Goal by Claude Giroux - Ducks : 2 - Predators : 1.
8:28 of 1st period - Colton Sissons wins face-off versus Travis Boyd in neutral zone.
8:39 of 1st period - Roman Josi is hit by Pierre-Luc Dubois.
9:03 of 1st period - Shot by Roman Josi.
9:03 of 1st period - Shot Misses the Net.
9:05 of 1st period - Shot by Roman Josi.
9:05 of 1st period - Stopped by Frederik Andersen with a rebound.
9:14 of 1st period - Icing by Brayden McNabb.
9:15 of 1st period - Tage Thompson wins face-off versus Travis Boyd in Ducks zone.
9:41 of 1st period - Gabriel Vilardi is hit by Ryan McDonagh and loses puck.
9:46 of 1st period - Shot by Tage Thompson.
9:46 of 1st period - Shot Blocked by Brayden McNabb.
9:48 of 1st period - Shot by Jake McCabe.
9:48 of 1st period - Stopped by Frederik Andersen without a rebound.
9:49 of 1st period - J.T. Miller wins face-off versus Joe Pavelski in Ducks zone.
11:09 of 1st period - Shot by Tage Thompson.
11:09 of 1st period - Shot Misses the Net.
11:11 of 1st period - Shot by Kyle Connor.
11:11 of 1st period - Deflect By Tage Thompson.
11:11 of 1st period - Shot Misses the Net.
11:21 of 1st period - Icing by Phillip Danault.
11:22 of 1st period - Bo Horvat wins face-off versus Phillip Danault in Ducks zone.
11:23 of 1st period - Shot by J.T. Compher.
11:23 of 1st period - Goal by J.T. Compher - Ducks : 2 - Predators : 2.
11:24 of 1st period - Travis Boyd wins face-off versus Bo Horvat in neutral zone.
12:52 of 1st period - Shot by Tage Thompson.
12:52 of 1st period - Stopped by Frederik Andersen without a rebound.
12:53 of 1st period - J.T. Miller wins face-off versus Phillip Danault in Ducks zone.
12:57 of 1st period - Icing by Phillip Danault.
12:58 of 1st period - Phillip Danault wins face-off versus J.T. Miller in Ducks zone.
13:21 of 1st period - Claude Giroux is hit by Jake McCabe and loses puck.
13:26 of 1st period - Shot by Phillip Danault.
13:26 of 1st period - Shot Misses the Net.
13:32 of 1st period - Shot by Phillip Danault.
13:32 of 1st period - Shot Blocked by Nikita Zadorov.
14:42 of 1st period - Kyle Connor is hit by Pierre-Luc Dubois and loses puck.
15:07 of 1st period - J.T. Compher is hit by Brayden McNabb and loses puck.
15:12 of 1st period - Shot by Taylor Hall.
15:12 of 1st period - Shot Blocked by Brayden McNabb.
15:14 of 1st period - Shot by Taylor Hall.
15:14 of 1st period - Stopped by Frederik Andersen without a rebound.
15:15 of 1st period - Colton Sissons wins face-off versus Phillip Danault in Ducks zone.
15:19 of 1st period - Icing by Phillip Danault.
15:20 of 1st period - Phillip Danault wins face-off versus Bo Horvat in Ducks zone.
15:35 of 1st period - Shot by Bo Horvat.
15:35 of 1st period - Shot Misses the Net.
15:37 of 1st period - Shot by J.T. Compher.
15:37 of 1st period - Shot Blocked by Moritz Seider.
15:39 of 1st period - Shot by Bo Horvat.
15:39 of 1st period - Shot Misses the Net.
15:45 of 1st period - Shot by Bo Horvat.
15:45 of 1st period - Shot Blocked by Phillip Danault.
15:47 of 1st period - Shot by J.T. Compher.
15:47 of 1st period - Stopped by Frederik Andersen without a rebound.
15:48 of 1st period - Joe Pavelski wins face-off versus J.T. Miller in Ducks zone.
16:02 of 1st period - Shot by Joe Pavelski.
16:02 of 1st period - Stopped by Ilya Sorokin with a rebound.
16:04 of 1st period - Shot by Mathieu Olivier.
16:04 of 1st period - Shot Misses the Net.
16:11 of 1st period - Joe Pavelski is hit by Darnell Nurse.
16:26 of 1st period - Minor Penalty to Lucas Raymond for Hooking.
16:27 of 1st period - Colton Sissons wins face-off versus Phillip Danault in Predators zone.
17:27 of 1st period - Icing by Rasmus Dahlin.
17:28 of 1st period - Colton Sissons wins face-off versus Patrick Kane in Ducks zone.
17:28 of 1st period - Colton Sissons is hit by Rasmus Dahlin.
17:43 of 1st period - Colton Sissons is hit by Rasmus Dahlin and loses puck.
18:06 of 1st period - Yakov Trenin is hit by Adrian Kempe and loses puck.
18:30 of 1st period - Off-side.
18:31 of 1st period - Tage Thompson wins face-off versus Phillip Danault in neutral zone.
19:52 of 1st period - Shot by Patrick Kane.
19:52 of 1st period - Stopped by Ilya Sorokin without a rebound.
19:53 of 1st period - J.T. Miller wins face-off versus Adrian Kempe in Predators zone.
Goals for this period are 2 for Ducks vs 2 for Predators.
Shots for this period are 7 for Ducks vs 9 for Predators.

2nd period


0:01 of 2nd period - Joe Pavelski wins face-off versus J.T. Miller in neutral zone.
0:11 of 2nd period - Icing by Brandon Carlo.
0:12 of 2nd period - Phillip Danault wins face-off versus J.T. Miller in Predators zone.
0:12 of 2nd period - Phillip Danault is hit by Brandon Carlo.
0:36 of 2nd period - Shot by Lucas Raymond.
0:36 of 2nd period - Shot Misses the Net.
0:48 of 2nd period - Shot by J.T. Miller.
0:48 of 2nd period - Deflect By Alex Tuch.
0:48 of 2nd period - Shot Blocked by Moritz Seider.
1:35 of 2nd period - Minor Penalty to Nikita Zadorov for Tripping.
1:36 of 2nd period - Colton Sissons wins face-off versus Joe Pavelski in Predators zone.
2:42 of 2nd period - Phillip Danault is hit by Brandon Carlo and loses puck.
3:37 of 2nd period - Darnell Nurse is hit by Pierre-Luc Dubois and loses puck.
4:10 of 2nd period - Shot by Lucas Raymond.
4:10 of 2nd period - Goal by Lucas Raymond - Ducks : 2 - Predators : 3.
4:11 of 2nd period - Tage Thompson wins face-off versus Adrian Kempe in neutral zone.
5:10 of 2nd period - Shot by Bo Horvat.
5:10 of 2nd period - Stopped by Frederik Andersen without a rebound.
5:11 of 2nd period - Lucas Raymond wins face-off versus Travis Boyd in Ducks zone.
5:36 of 2nd period - Shot by Patrick Kane.
5:36 of 2nd period - Shot Misses the Net.
6:40 of 2nd period - Claude Giroux is hit by Taylor Hall and loses puck.
7:30 of 2nd period - Icing by Joe Pavelski.
7:31 of 2nd period - Tage Thompson wins face-off versus Joe Pavelski in Ducks zone.
7:31 of 2nd period - Tage Thompson is hit by Moritz Seider.
7:42 of 2nd period - Tage Thompson is hit by Moritz Seider and loses puck.
8:05 of 2nd period - Shot by Kyle Connor.
8:05 of 2nd period - Shot Blocked by Pierre-Luc Dubois.
8:05 of 2nd period - Pierre-Luc Dubois from Ducks is injured at 8:05 of 2nd period (Sprained Left Ankle).
8:06 of 2nd period - Colton Sissons wins face-off versus Phillip Danault in Ducks zone.
8:38 of 2nd period - Minor Penalty to Claude Giroux for Hooking.
8:39 of 2nd period - Adrian Kempe wins face-off versus Lucas Raymond in Ducks zone.
8:54 of 2nd period - Shot by Roman Josi.
8:54 of 2nd period - Shot Misses the Net.
9:42 of 2nd period - Shot by Brandon Carlo.
9:42 of 2nd period - Deflect By Alex Tuch.
9:42 of 2nd period - Stopped by Frederik Andersen with a rebound.
10:27 of 2nd period - Off-side.
10:28 of 2nd period - Bo Horvat wins face-off versus Phillip Danault in neutral zone.
10:31 of 2nd period - Moritz Seider is hit by Bo Horvat and loses puck.
10:41 of 2nd period - Icing by Nikita Zadorov.
10:42 of 2nd period - Cal Clutterbuck wins face-off versus Zach Hyman in Predators zone.
11:08 of 2nd period - Shot by Colton Sissons.
11:08 of 2nd period - Shot Misses the Net.
11:10 of 2nd period - Shot by Cal Clutterbuck.
11:10 of 2nd period - Stopped by Frederik Andersen without a rebound.
11:11 of 2nd period - Joe Pavelski wins face-off versus Tage Thompson in Ducks zone.
11:22 of 2nd period - Mathieu Olivier is hit by Roman Josi and loses puck.
12:09 of 2nd period - Phillip Danault is hit by Gabriel Vilardi.
12:12 of 2nd period - Off-side.
12:13 of 2nd period - Bo Horvat wins face-off versus Travis Boyd in neutral zone.
12:13 of 2nd period - Bo Horvat is hit by Travis Boyd.
12:39 of 2nd period - Shot by Zach Hyman.
12:39 of 2nd period - Deflect By Patrick Kane.
12:39 of 2nd period - Goal by Patrick Kane - Ducks : 3 - Predators : 3.
12:40 of 2nd period - Adrian Kempe wins face-off versus J.T. Miller in neutral zone.
13:01 of 2nd period - Shot by Ryan McDonagh.
13:01 of 2nd period - Stopped by Ilya Sorokin with a rebound.
13:15 of 2nd period - Shot by Nikolaj Ehlers.
13:15 of 2nd period - Stopped by Ilya Sorokin without a rebound.
13:16 of 2nd period - Bo Horvat wins face-off versus Phillip Danault in Predators zone.
13:29 of 2nd period - Shot by J.T. Compher.
13:29 of 2nd period - Stopped by Frederik Andersen with a rebound.
13:31 of 2nd period - Shot by J.T. Compher.
13:31 of 2nd period - Stopped by Frederik Andersen with a rebound.
13:33 of 2nd period - Shot by Darnell Nurse.
13:33 of 2nd period - Shot Blocked by Adam Fox.
14:08 of 2nd period - Icing by Darnell Nurse.
14:09 of 2nd period - Joe Pavelski wins face-off versus Bo Horvat in Predators zone.
14:28 of 2nd period - Icing by Darnell Nurse.
14:29 of 2nd period - Bo Horvat wins face-off versus Travis Boyd in Predators zone.
15:01 of 2nd period - Shot by Patrick Kane.
15:01 of 2nd period - Stopped by Ilya Sorokin without a rebound.
15:02 of 2nd period - Joe Pavelski wins face-off versus Tage Thompson in Predators zone.
15:23 of 2nd period - Shot by Tage Thompson.
15:23 of 2nd period - Shot Misses the Net.
15:32 of 2nd period - Shot by Adrian Kempe.
15:32 of 2nd period - Stopped by Ilya Sorokin without a rebound.
15:33 of 2nd period - J.T. Miller wins face-off versus Travis Boyd in Predators zone.
15:47 of 2nd period - Shot by Alex Tuch.
15:47 of 2nd period - Shot Blocked by Patrick Kane.
15:49 of 2nd period - Shot by Roman Josi.
15:49 of 2nd period - Shot Misses the Net.
17:44 of 2nd period - Icing by J.T. Compher.
17:45 of 2nd period - Travis Boyd wins face-off versus Bo Horvat in Predators zone.
17:58 of 2nd period - Shot by Bo Horvat.
17:58 of 2nd period - Stopped by Frederik Andersen without a rebound.
17:59 of 2nd period - J.T. Miller wins face-off versus Phillip Danault in Ducks zone.
18:12 of 2nd period - J.T. Miller is hit by Zach Hyman and loses puck.
19:24 of 2nd period - Minor Penalty to Kyle Connor for High sticking.
19:24 of 2nd period - Double Minor Penalty to Ryan McDonagh for High sticking.
19:25 of 2nd period - Adrian Kempe wins face-off versus J.T. Compher in Ducks zone.
Goals for this period are 1 for Ducks vs 1 for Predators.
Shots for this period are 5 for Ducks vs 7 for Predators.

3rd period


0:01 of 3rd period - Adrian Kempe wins face-off versus J.T. Compher in neutral zone.
0:03 of 3rd period - Rasmus Dahlin is hit by Brandon Carlo and loses puck.
0:18 of 3rd period - Shot by Alex Tuch.
0:18 of 3rd period - Deflect By J.T. Compher.
0:18 of 3rd period - Shot Misses the Net.
0:20 of 3rd period - Shot by J.T. Compher.
0:20 of 3rd period - Shot Hit the Post.
0:22 of 3rd period - Shot by Thomas Chabot.
0:22 of 3rd period - Shot Misses the Net.
1:00 of 3rd period - Shot by Lucas Raymond.
1:00 of 3rd period - Shot Misses the Net.
1:07 of 3rd period - Shot by Bo Horvat.
1:07 of 3rd period - Shot Misses the Net.
1:09 of 3rd period - Shot by Bo Horvat.
1:09 of 3rd period - Stopped by Frederik Andersen without a rebound.
1:10 of 3rd period - Phillip Danault wins face-off versus J.T. Compher in Ducks zone.
1:59 of 3rd period - Shot by Kyle Connor.
1:59 of 3rd period - Stopped by Frederik Andersen without a rebound.
2:00 of 3rd period - J.T. Miller wins face-off versus Adrian Kempe in Ducks zone.
2:16 of 3rd period - Shot by J.T. Miller.
2:16 of 3rd period - Stopped by Frederik Andersen with a rebound.
2:18 of 3rd period - Shot by Brandon Carlo.
2:18 of 3rd period - Shot Blocked by Rasmus Dahlin.
2:20 of 3rd period - Shot by Darnell Nurse.
2:20 of 3rd period - Stopped by Frederik Andersen without a rebound.
2:21 of 3rd period - Bo Horvat wins face-off versus Zach Hyman in Ducks zone.
2:54 of 3rd period - Shot by Bo Horvat.
2:54 of 3rd period - Stopped by Frederik Andersen without a rebound.
2:55 of 3rd period - Adrian Kempe wins face-off versus J.T. Miller in Ducks zone.
3:27 of 3rd period - Ryan McDonagh is hit by Jake McCabe and loses puck.
4:18 of 3rd period - Icing by Nikita Zadorov.
4:19 of 3rd period - Patrick Kane wins face-off versus Colton Sissons in Predators zone.
4:35 of 3rd period - Patrick Kane is hit by Jake McCabe and loses puck.
4:44 of 3rd period - Shot by Patrick Kane.
4:44 of 3rd period - Shot Misses the Net.
4:46 of 3rd period - Shot by Patrick Kane.
4:46 of 3rd period - Shot Misses the Net.
5:35 of 3rd period - Shot by Adrian Kempe.
5:35 of 3rd period - Stopped by Ilya Sorokin with a rebound.
5:37 of 3rd period - Shot by Adam Fox.
5:37 of 3rd period - Stopped by Ilya Sorokin without a rebound.
5:38 of 3rd period - Tage Thompson wins face-off versus Phillip Danault in Predators zone.
6:21 of 3rd period - Minor Penalty to Tage Thompson for Hooking.
6:22 of 3rd period - Colton Sissons wins face-off versus Patrick Kane in Predators zone.
6:22 of 3rd period - Colton Sissons is hit by Joe Pavelski.
6:29 of 3rd period - Minor Penalty to Rasmus Dahlin for Hooking.
6:30 of 3rd period - J.T. Compher wins face-off versus Adrian Kempe in Ducks zone.
6:49 of 3rd period - Shot by J.T. Compher.
6:49 of 3rd period - Stopped by Frederik Andersen without a rebound.
6:50 of 3rd period - J.T. Compher wins face-off versus Adrian Kempe in Ducks zone.
7:01 of 3rd period - Shot by Alex Tuch.
7:01 of 3rd period - Shot Blocked by Tyson Barrie.
8:41 of 3rd period - Icing by Colton Sissons.
8:42 of 3rd period - Phillip Danault wins face-off versus Colton Sissons in Predators zone.
8:46 of 3rd period - Minor Penalty to Jake McCabe for Hooking.
8:47 of 3rd period - Phillip Danault wins face-off versus Colton Sissons in Predators zone.
9:08 of 3rd period - Shot by Colton Sissons.
9:08 of 3rd period - Deflect By J.T. Compher.
9:08 of 3rd period - Shot Misses the Net.
9:18 of 3rd period - Shot by Rasmus Dahlin.
9:18 of 3rd period - Shot Blocked by Darnell Nurse.
9:20 of 3rd period - Shot by Rasmus Dahlin.
9:20 of 3rd period - Stopped by Ilya Sorokin without a rebound.
9:21 of 3rd period - Colton Sissons wins face-off versus Patrick Kane in Predators zone.
9:32 of 3rd period - Shot by Moritz Seider.
9:32 of 3rd period - Stopped by Ilya Sorokin without a rebound.
9:33 of 3rd period - Adrian Kempe wins face-off versus J.T. Compher in Predators zone.
10:07 of 3rd period - Shot by Patrick Kane.
10:07 of 3rd period - Stopped by Ilya Sorokin without a rebound.
10:08 of 3rd period - Colton Sissons wins face-off versus Phillip Danault in Predators zone.
10:14 of 3rd period - Icing by Rasmus Dahlin.
10:15 of 3rd period - Phillip Danault wins face-off versus Colton Sissons in Ducks zone.
10:38 of 3rd period - Shot by Claude Giroux.
10:38 of 3rd period - Stopped by Ilya Sorokin without a rebound.
10:39 of 3rd period - Patrick Kane wins face-off versus Yakov Trenin in Predators zone.
10:58 of 3rd period - Shot by Nikolaj Ehlers.
10:58 of 3rd period - Shot Misses the Net.
11:02 of 3rd period - Shot by Mats Zuccarello.
11:02 of 3rd period - Goal by Mats Zuccarello - Ducks : 4 - Predators : 3.
11:03 of 3rd period - Tage Thompson wins face-off versus Phillip Danault in neutral zone.
11:14 of 3rd period - Shot by Tage Thompson.
11:14 of 3rd period - Shot Blocked by Rasmus Dahlin.
11:16 of 3rd period - Shot by Kyle Connor.
11:16 of 3rd period - Shot Misses the Net.
11:18 of 3rd period - Shot by Gabriel Vilardi.
11:18 of 3rd period - Stopped by Frederik Andersen with a rebound.
11:53 of 3rd period - Zach Hyman is hit by Tage Thompson and loses puck.
12:08 of 3rd period - Zach Hyman is hit by J.T. Miller and loses puck.
12:32 of 3rd period - Icing by Adam Fox.
12:33 of 3rd period - Bo Horvat wins face-off versus Phillip Danault in Ducks zone.
12:52 of 3rd period - Shot by Adrian Kempe.
12:52 of 3rd period - Deflect By Joe Pavelski.
12:52 of 3rd period - Shot Blocked by Jake McCabe.
12:54 of 3rd period - Shot by Tyson Barrie.
12:54 of 3rd period - Stopped by Ilya Sorokin with a rebound.
12:56 of 3rd period - Shot by Adrian Kempe.
12:56 of 3rd period - Stopped by Ilya Sorokin without a rebound.
12:57 of 3rd period - Travis Boyd wins face-off versus Colton Sissons in Predators zone.
13:25 of 3rd period - Shot by Yakov Trenin.
13:25 of 3rd period - Stopped by Frederik Andersen without a rebound.
13:26 of 3rd period - J.T. Miller wins face-off versus Joe Pavelski in Ducks zone.
13:47 of 3rd period - Shot by Adrian Kempe.
13:47 of 3rd period - Stopped by Ilya Sorokin without a rebound.
13:48 of 3rd period - Bo Horvat wins face-off versus Travis Boyd in Predators zone.
13:55 of 3rd period - Shot by Bo Horvat.
13:55 of 3rd period - Shot Misses the Net.
13:57 of 3rd period - Shot by Bo Horvat.
13:57 of 3rd period - Shot Blocked by Moritz Seider.
13:59 of 3rd period - Shot by Thomas Chabot.
13:59 of 3rd period - Stopped by Frederik Andersen with a rebound.
14:01 of 3rd period - Shot by Darnell Nurse.
14:01 of 3rd period - Stopped by Frederik Andersen without a rebound.
14:02 of 3rd period - Joe Pavelski wins face-off versus Alex Tuch in Ducks zone.
14:09 of 3rd period - Icing by J.T. Miller.
14:10 of 3rd period - Joe Pavelski wins face-off versus J.T. Miller in Predators zone.
14:39 of 3rd period - Minor Penalty to Mathieu Olivier for Tripping.
14:40 of 3rd period - Bo Horvat wins face-off versus Adrian Kempe in Ducks zone.
14:54 of 3rd period - Shot by Roman Josi.
14:54 of 3rd period - Stopped by Frederik Andersen without a rebound.
14:55 of 3rd period - Adrian Kempe wins face-off versus J.T. Miller in Ducks zone.
15:12 of 3rd period - Off-side.
15:13 of 3rd period - Adrian Kempe wins face-off versus Bo Horvat in neutral zone.
15:52 of 3rd period - Shot by Kyle Connor.
15:52 of 3rd period - Stopped by Frederik Andersen without a rebound.
15:53 of 3rd period - J.T. Miller wins face-off versus Phillip Danault in Ducks zone.
16:00 of 3rd period - Shot by Darnell Nurse.
16:00 of 3rd period - Shot Misses the Net.
16:36 of 3rd period - Shot by Darnell Nurse.
16:36 of 3rd period - Shot Blocked by Adam Fox.
16:47 of 3rd period - Icing by Moritz Seider.
16:48 of 3rd period - Tage Thompson wins face-off versus Mats Zuccarello in Ducks zone.
16:51 of 3rd period - Shot by Gabriel Vilardi.
16:51 of 3rd period - Stopped by Frederik Andersen without a rebound.
16:52 of 3rd period - Joe Pavelski wins face-off versus Tage Thompson in Ducks zone.
16:52 of 3rd period - Tyson Barrie is hit by Tage Thompson and loses puck.
17:09 of 3rd period - Shot by Gabriel Vilardi.
17:09 of 3rd period - Shot Misses the Net.
17:11 of 3rd period - Shot by Tage Thompson.
17:11 of 3rd period - Shot Misses the Net.
17:15 of 3rd period - Shot by Kyle Connor.
17:15 of 3rd period - Shot Blocked by Moritz Seider.
17:17 of 3rd period - Shot by Tage Thompson.
17:17 of 3rd period - Stopped by Frederik Andersen without a rebound.
17:18 of 3rd period - Phillip Danault wins face-off versus Bo Horvat in Ducks zone.
17:31 of 3rd period - Shot by Bo Horvat.
17:31 of 3rd period - Stopped by Frederik Andersen without a rebound.
17:32 of 3rd period - J.T. Miller wins face-off versus Travis Boyd in Ducks zone.
18:14 of 3rd period - Shot by Alex Tuch.
18:14 of 3rd period - Stopped by Frederik Andersen without a rebound.
18:15 of 3rd period - Bo Horvat wins face-off versus Joe Pavelski in Ducks zone.
18:21 of 3rd period - Icing by Rasmus Dahlin.
18:22 of 3rd period - Bo Horvat wins face-off versus Joe Pavelski in Ducks zone.
18:41 of 3rd period - Shot by Taylor Hall.
18:41 of 3rd period - Shot Misses the Net.
18:55 of 3rd period - Shot by Joe Pavelski.
18:55 of 3rd period - Stopped by Ilya Sorokin without a rebound.
18:56 of 3rd period - Tage Thompson wins face-off versus Phillip Danault in Predators zone.
19:01 of 3rd period - Predators, Ilya Sorokin is pulled from the net.
19:04 of 3rd period - Icing by Moritz Seider.
19:05 of 3rd period - Bo Horvat wins face-off versus Phillip Danault in Ducks zone.
19:05 of 3rd period - Thomas Chabot is hit by Moritz Seider and loses puck.
19:44 of 3rd period - Shot by Kyle Connor.
19:44 of 3rd period - Stopped by Frederik Andersen without a rebound.
19:45 of 3rd period - Joe Pavelski wins face-off versus Bo Horvat in Ducks zone.
19:57 of 3rd period - Icing by Rasmus Dahlin.
19:58 of 3rd period - Joe Pavelski wins face-off versus Alex Tuch in Ducks zone.
Goals for this period are 1 for Ducks vs 0 for Predators.
Shots for this period are 11 for Ducks vs 17 for Predators.